AoeStats
← Flowrider

Fortress

509606483Analyzed
2v2 RM · 4d ago on Sep 27, 2026· 57m 57s· 4 players
Game mode
Random Map
Map size
Normal (6 player)
Population
200
Speed
Normal
Resources
Standard
Victory
Conquest
Starting age
Dark Age
Ending age
Imperial Age
RankedLock teamsTeams togetherTeam positionsShared explorationLock speedFull tech treeHidden civsTurbo modeCheats
Victory
Defeat
🇹🇷 Turks · Türkiye
838
+11
🇩🇪 Goths · Germany
799
+13
🇩🇪 Wei · Germany
737
-12
🇦🇹 Huns · Austria
730
-12
Flowrider
10:02 Feudal Age
11:30 Double-Bit Axe
11:29 Horse Collar
14:41 Castle Age
16:02 Forging
15:52 Scale Mail Armor
15:43 Fletching
15:53 Padded Archer Armor
16:38 Bow Saw
17:26 Heavy Plow
18:48 Wheelbarrow
20:18 Hand Cart
20:17 Gold Mining
20:25 Stone Mining
22:45 Iron Casting
22:25 Chain Mail Armor
22:59 Stone Shaft Mining
25:41 Chain Mail Armor
25:21 Bodkin Arrow
25:41 Leather Archer Armor
25:55 Squires
25:15 Pikeman
26:37 Ballistics
31:14 Imperial Age
29:15 Anarchy
32:59 Blast Furnace
32:00 Bracer
32:30 Ring Archer Armor
34:05 Chemistry
33:20 Elite Huskarl
37:29 Halberdier
38:43 Perfusion
44:33 Elite Skirmisher
Drogo
9:01 Feudal Age
10:11 Double-Bit Axe
12:46 Castle Age
11:58 Wheelbarrow
13:45 Bow Saw
13:28 Horse Collar
16:12 Heavy Plow
19:40 Hand Cart
20:16 Loom
23:28 Imperial Age
22:19 Padded Archer Armor
22:10 Fletching
23:36 Leather Archer Armor
23:22 Scale Mail Armor
23:33 Forging
23:29 Scale Barding Armor
24:47 Conscription
24:02 Man-at-Arms
24:42 Squires
24:28 Arson
25:40 Town Watch
26:55 Long Swordsman
27:52 Chain Mail Armor
27:58 Chain Barding Armor
28:14 Iron Casting
30:01 Plate Mail Armor
40:58 Bloodlines
41:07 Gold Mining
41:08 Stone Mining
43:51 Gold Shaft Mining
44:32 Elite Janissary
46:52 Sipahi
46:53 Two-Handed Swordsman
49:37 Bodkin Arrow
50:53 Parthian Tactics
52:19 Artillery
57:34 Heavy Cavalry Archer
maioo
3:30 Loom
11:36 Feudal Age
15:15 Wheelbarrow
14:47 Double-Bit Axe
18:37 Castle Age
17:01 Scale Barding Armor
17:08 Forging
17:41 Horse Collar
17:58 Gold Mining
19:38 Tuntian
22:33 Chain Barding Armor
22:50 Iron Casting
23:05 Stone Mining
24:37 Gold Shaft Mining
25:40 Heavy Plow
29:18 Husbandry
29:29 Bloodlines
34:44 Fletching
35:13 Hand Cart
38:51 Town Watch
43:10 Bodkin Arrow
43:15 Padded Archer Armor
42:45 Man-at-Arms
43:26 Squires
43:11 Arson
46:15 Imperial Age
43:38 Long Swordsman
46:13 Fortified Wall
46:25 Ballistics
51:06 Bracer
51:21 Leather Archer Armor
51:37 Parthian Tactics
51:18 Thumb Ring
50:45 Two-Handed Swordsman
52:10 Bow Saw
52:32 Scale Mail Armor
53:33 Blast Furnace
54:07 Elite Skirmisher
55:57 Chemistry
55:09 Masonry
54:59 Pikeman
Vienna420
6:49 Loom
9:52 Feudal Age
11:09 Wheelbarrow
11:12 Double-Bit Axe
11:13 Horse Collar
14:59 Castle Age
13:50 Arson
18:41 Bow Saw
18:35 Heavy Plow
20:11 Squires
19:32 Pikeman
25:30 Imperial Age
23:41 Husbandry
24:18 Ballistics
27:01 Cavalier
29:32 Two-Man Saw
29:46 Scale Barding Armor
30:54 Scale Mail Armor
34:42 Chemistry
34:18 Hand Cart
33:50 Town Watch
34:51 Halberdier
38:21 Conscription
39:30 Crossbowman
40:46 Chain Barding Armor
40:27 Padded Archer Armor
40:20 Fletching
43:19 Plate Barding Armor
43:00 Leather Archer Armor
42:41 Bodkin Arrow
43:17 Conscription
44:34 Thumb Ring
44:56 Bloodlines
44:07 Light Cavalry
45:03 Town Patrol
45:35 Elite Skirmisher
46:06 Paladin
53:32 Bracer
Connection lost

Rejoining the realm…

Still unreachable

The connection could not be restored.

Session expired

The server has moved on; the page needs a fresh start.